Zazza, lawful female dwarven Valkyrie -------------- |............| #-............| ######################## ------- ###-.------------ ----|- |......############### |....| |.....|### # # #########-....| |.....|# # ### |....| |....^|# # # ##-....| |......# # ### # -.--.- ------- |.....| # # ### # # |@@%b.| ------- ### ### # # |%%%..| # # ### # |b._..| ## ####### # # |bb...| -.-|- ---------############# ##-.bb..| |..(| |.%.....|# -|-|- # |b....| |...-##########%##).......).# |...| ### ------- |>..| |.....%.|#########-)|.| # |...| |.......|# |.<).)))###### --|-- ---------# ----- # Zazza the Woman-at-arms Experience level: 12 Strength: 18/45 Dexterity: 12 Constitution: 17 Intelligence: 7 Wisdom: 10 Charisma: 9 Health: 0(95) Energy: 19(19) Def: 26 Gold: 0 Moves: 35199 Dungeon seed: IK6GoYywbQVyEnMI Game ID: Zazza_1527763864 Your Inventory: Weapons a - the blessed rustproof +3 Excalibur (weapon in hand) Armor e - an uncursed +4 small shield (being worn) L - an uncursed greased +2 silver dragon scale mail (being worn) Q - an uncursed +0 dwarvish iron helm (being worn) X - an uncursed +2 pair of elven boots (being worn) Y - an uncursed +2 leather cloak (being worn) Comestibles b - 2 uncursed lizard corpses m - 5 uncursed food rations s - 3 uncursed tripe rations A - 2 uncursed pancakes M - 2 uncursed tins of little dog meat Z - an uncursed fortune cookie Scrolls u - an uncursed scroll of food detection K - 3 uncursed scrolls of create monster R - a cursed scroll of magic mapping Spellbooks h - an uncursed spellbook of sleep V - an uncursed spellbook of healing Potions C - an uncursed potion of extra healing S - a blessed potion of object detection Rings t - an uncursed ring of conflict (on right hand) I - an uncursed ring of teleport control (on left hand) Spells and supernatural/magical abilities: Name Level Category Fail Memory e - charm monster 3 enchantment 100% 70% h - healing 1 healing 72% 10% m - magic missile 2* attack 90% 0% r - remove curse 3* clerical 100% 0% w - wizard lock 2 matter 90% 10% z - sleep 1 enchantment 84% 99% O - create monster 2* clerical 90% 0% V - teleportitis -- ability ? -- W - pray for help -- divine ? -- Your skills at the end: Fighting Skills Weapon Skills dagger [Basic] long sword [Expert] Spellcasting Skills Final Attributes: You were piously aligned. You were fire resistant. You were cold resistant. You were poison resistant. You were level-drain resistant. You had automatic searching. You had infravision. You were stealthy. You caused conflict. You could teleport. You had teleport control. You were protected. You were fast. You had reflection. You were unlucky. You are dead. Vanquished creatures: a titanothere a lich 3 water trolls a nurse a lurker above 3 frost giants an ettin a ghost a queen bee 2 winged gargoyles 7 giant mimics a zruty 3 fire giants 3 ogre kings a flesh golem an Elvenking 3 large mimics a stalker an air elemental a fire elemental an earth elemental a hill giant 4 elf-lords 6 wargs 6 small mimics a glass piercer a xan 3 ogre lords a quantum mechanic a troll a gelatinous cube a pyrolisk 4 freezing spheres a flaming sphere 2 tigers a tengu 2 ochre jellies 3 leocrottas an energy vortex an elf mummy 2 human mummies 2 pythons 3 wraiths 2 ettin zombies a succubus 2 chameleons a crocodile 3 giant beetles 5 quivering blobs 6 cockatrices 2 wolves 2 winter wolf cubs a lynx 2 gremlins 2 spotted jellies 71 leprechauns 2 orc-captains 5 iron piercers 3 mumakil 3 giant spiders 3 scorpions 8 horses a black light 3 vampire bats a forest centaur a gnome king 3 dwarf mummies 4 ogres 6 brown puddings 4 rust monsters 3 owlbears a yeti 2 gold golems 3 werewolves 6 Green-elves a giant eel 3 lizards 2 warriors a chickatrice 2 dogs a dingo a housecat a jaguar 2 blue jellies a gray unicorn a black unicorn 3 dust vortices 7 ravens 5 plains centaurs 7 gnome mummies 4 snakes 6 apes 6 human zombies a rope golem 6 Woodland-elves 20 soldier ants 24 fire ants 29 bugbears 6 imps 2 quasits 3 wood nymphs 5 water nymphs a mountain nymph 15 Uruk-hai 6 rock piercers 7 rock moles 3 ponies 5 fog clouds 9 yellow lights 3 shriekers 2 violet fungi 9 gnome lords 8 gnomish wizards 4 kobold mummies a black naga hatchling a guardian naga hatchling 5 gray oozes 3 barrow wights 4 elf zombies 5 ghouls 4 straw golems 3 paper golems a baby crocodile 58 giant ants 3 little dogs 13 floating eyes 5 kittens a dwarf 6 homunculi 8 kobold lords 3 kobold shamans 18 hill orcs 12 rothes 2 rabid rats 3 centipedes 4 giant bats 8 monkeys 9 orc zombies 7 dwarf zombies 2 werejackals 12 iguanas 80 killer bees 15 acid blobs 7 coyotes 4 gas spores 3 hobbits 6 large kobolds 24 hobgoblins 10 giant rats 3 cave spiders 8 yellow molds 4 green molds 2 red molds 20 gnomes 6 garter snakes 2 gnome zombies 16 geckos 5 jackals 7 foxes 10 kobolds 10 goblins 13 sewer rats 18 grid bugs 6 bats 13 lichens 2 kobold zombies 19 newts 984 creatures vanquished. Voluntary challenges: You had been an atheist until turn 3152. You used a wielded weapon 1396 times, starting on turn 26. You read items or engraved 74 times, starting on turn 3902. You never genocided any monsters. You never polymorphed an object. You never changed form. You used 1 wish, starting on turn 13706. You did not wish for any artifacts. You split 3 puddings, starting on turn 11001. You never wrote Elbereth's name. You violated your moral code, losing 93 points of alignment, starting on turn 6369. Dungeon overview: The Dungeons of Doom: levels 1 to 25 Level 1 a long staircase Level 2 a general store stairs to The Gnomish Mines Level 3 a jewelry store Level 4 (unicorn) Level 5 Level 6 Level 7 a general store, a fountain Level 8 (empty chests) a fountain Level 9 many fountains Level 10 stairs to Sokoban Level 11 (stash) Level 12 Level 13 (chelou) Level 14 a temple to Loki, some fountains Level 15 <- You were here a temple to Loki portal to The Quest Level 16 Level 17 Level 18 some fountains Level 19 (unicorn) a fountain Level 20 Level 21 a fountain Level 22 a general store, some fountains Level 23 an armor shop Level 24 Level 25 The Gnomish Mines: levels 3 to 10 Level 3 stairs to The Dungeons of Doom Level 4 Level 5 Level 6 some shops, a temple to Loki, some fountains, a sink Level 7 Level 8 Level 9 Level 10 The Quest: Level 1 a fountain portal to The Dungeons of Doom Sokoban: Level 9 stairs to The Dungeons of Doom History has recorded: On T:1 you entered the Dungeons of Doom to retrieve the Amulet of Yendor! On T:75 you advanced to experience level 2. On T:552 you reached level 2 of The Dungeons of Doom. On T:599 you advanced to experience level 3. On T:1159 you reached level 1 of The Gnomish Mines. On T:1729 you reached level 2 of The Gnomish Mines. On T:1790 you advanced to experience level 4. On T:2315 you reached level 3 of The Gnomish Mines. On T:2398 you advanced to experience level 5. On T:3035 you reached level 4 of The Gnomish Mines. On T:4259 you reached level 3 of The Dungeons of Doom. On T:4372 you advanced to experience level 6. On T:4678 you reached level 4 of The Dungeons of Doom. On T:5165 you reached level 5 of The Dungeons of Doom. On T:5527 you advanced to experience level 7. On T:6871 you reached level 5 of The Gnomish Mines. On T:7819 you reached level 6 of The Dungeons of Doom. On T:7975 you advanced to experience level 8. On T:8040 you reached level 8 of The Dungeons of Doom. On T:8206 you reached level 7 of The Dungeons of Doom. On T:8365 you reached level 9 of The Dungeons of Doom. On T:10476 you advanced to experience level 9. On T:13218 you reached level 6 of The Gnomish Mines. On T:13706 you wished for "blessed greased +2 silver dragon scale mail". On T:14375 you reached level 7 of The Gnomish Mines. On T:14686 you reached level 8 of The Gnomish Mines. On T:15698 you advanced to experience level 10. On T:19334 you reached level 10 of The Dungeons of Doom. On T:19339 you reached level 13 of The Dungeons of Doom. On T:19880 you reached level 14 of The Dungeons of Doom. On T:20140 you reached level 15 of The Dungeons of Doom. On T:20323 you reached level 1 of The Quest. On T:20633 you reached level 12 of The Dungeons of Doom. On T:21271 you advanced to experience level 11. On T:21742 you reached level 11 of The Dungeons of Doom. On T:26111 you reached level 16 of The Dungeons of Doom. On T:27496 you reached level 17 of The Dungeons of Doom. On T:27870 you reached level 18 of The Dungeons of Doom. On T:28221 you reached level 19 of The Dungeons of Doom. On T:28612 you reached level 20 of The Dungeons of Doom. On T:28799 you reached level 21 of The Dungeons of Doom. On T:30241 you reached level 4 of Sokoban. On T:30977 you advanced to experience level 12. On T:31504 you reached level 24 of The Dungeons of Doom. On T:31769 you reached level 23 of The Dungeons of Doom. On T:32177 you reached level 22 of The Dungeons of Doom. On T:34114 you reached level 25 of The Dungeons of Doom. Score breakdown: Gold: 0 ( 0 points) Experience: 12 levels (18476 points) Exploration: 25 levels ( 52.08%) (21437 points) Discoveries: 66 items ( 26.83%) (15539 points) Valuables value: (no points given unless you survive) Artifact value: 4000 (12253 points) Variety of kills: 167 monsters ( 43.83%) (19861 points) Turncount: 35199 turns (-4237 points) Survival: died (score multiplied by 80%) Total score: 66663 Latest messages: The priest of Loki hits the acid blob. The acid blob is killed! The priest of Loki is splashed by its acid! The priest of Loki swings his mace. The priest of Loki hits! The priest of Loki just misses! The priest of Loki casts a spell at you! You are frozen in place! The priest of Loki swings his mace. The priest of Loki hits! The priest of Loki misses. The priest of Loki points at you, then curses. The priest of Loki swings his mace at the acid blob. The priest of Loki hits the acid blob. The acid blob is killed! The priest of Loki swings his mace. The priest of Loki hits! The priest of Loki kicks! The air crackles around the priest of Loki. The priest of Loki swings his mace. The priest of Loki hits! You die... Final status: Farvel Zazza the Valkyrie, killed by a priest of Loki, while paralyzed by a monster... You died in The Dungeons of Doom on dungeon level 15 with 66663 points, and 0 pieces of gold, after 35199 moves. You were level 12 with a maximum of 95 hit points when you died.